 Dungeon Crawl Stone Soup version 0.17.2-1-ge4368a0 (webtiles) character file.

55386 Goblin1989 the Corrupter of Planes (level 14, -1/113 HPs)
             Began as a Demonspawn Abyssal Knight on Sept 10, 2016.
             Was the Champion of Lugonu.
             Slain by a rust devil (3 damage)
             ... summoned by an orc sorcerer
             ... on level 4 of the Orcish Mines.
             The game lasted 01:18:34 (20227 turns).

Goblin1989 the Corrupter of Planes (DsAK)          Turns: 20227, Time: 01:18:34

Health: -1/113     AC: 19    Str: 26    XL:     14   Next: 38%
Magic:  23/23      EV: 10    Int: 14    God:    Lugonu [******]
Gold:   2545       SH:  7    Dex: 17    Spells: 0 memorised, 13 levels left

rFire  . . .     SeeInvis .     b - +1 broad axe (elec)
rCold  + + .     Clarity  +     L - +0 chain mail of Salvation {rC+ MR+} (curse)
rNeg   . . .     SustAt   +     A - +2 buckler
rPois  +         Gourm    .     O - +0 helmet
rElec  .         Spirit   .     d - +2 cloak
rCorr  .         Warding  .     X - +2 pair of gloves
rMut   .         Stasis   .     (boots unavailable)
MR     ++...                    j - amulet of clarity
Stlth  ..........               x - ring of Cehaitta {SustAt Str+4 Dex+4}
                                k - +5 ring of strength

@: corroded equipment, very resistant to hostile enchantments, extremely
unstealthy
A: talons 3, slimy green scales 3, cold resistance 1, demonic guardian 2, spiny
1
a: Depart the Abyss, Bend Space, Banish, Corrupt, Enter the Abyss, Renounce
Religion


You were on level 4 of the Orcish Mines.
You worshipped Lugonu.
Lugonu was exalted by your worship.
You were not hungry.

You visited 3 branches of the dungeon, and saw 23 of its levels.
You visited the Abyss 1 time.
You also visited: Labyrinth, Sewer and Volcano.

You collected 2545 gold pieces.

Inventory:

Hand Weapons
 a - a +2 whip of distortion
 b - a +1 broad axe of electrocution (weapon)
Missiles
 l - a throwing net (quivered)
Armour
 d - a +2 cloak (worn)
 A - a +2 buckler (worn)
 G - a +2 pair of boots of stealth
 L - the cursed +0 chain mail of Salvation (worn) {rC+ MR+}
   (You found it in a labyrinth)

   It protects you from cold.
   It affects your resistance to hostile enchantments.
   It has a curse placed upon it.
 O - a +0 helmet (worn)
 X - a +2 pair of gloves (worn)
Jewellery
 j - an amulet of clarity (around neck)
 k - a +5 ring of strength (left hand)
 q - an uncursed amulet of regeneration
 x - the ring of Cehaitta (right hand) {SustAt Str+4 Dex+4}
   (You found it in a labyrinth)

   [ring of sustain attributes]

   It sustains your strength, intelligence and dexterity.
   It affects your strength (+4).
   It affects your dexterity (+4).
 H - an uncursed ring of protection from fire
 I - an uncursed ring of positive energy
Wands
 i - a wand of heal wounds (1)
 t - a wand of fireball (9)
 J - a wand of disintegration (4)
Scrolls
 e - a scroll of summoning
 f - 6 scrolls of teleportation
 g - 8 scrolls of recharging
 m - 2 scrolls of enchant armour
 n - a scroll of magic mapping
 s - a scroll of immolation
 y - 10 scrolls of remove curse
 K - 2 scrolls of fog
 S - a scroll of fear
 T - a scroll of blinking
Potions
 h - 3 potions of magic
 o - a potion of resistance
 p - 10 potions of curing
 r - 4 potions of flight
 u - 4 potions of berserk rage
 w - 2 potions of invisibility
 D - 2 potions of brilliance
 R - 2 potions of might
 U - 6 potions of heal wounds
 Y - 2 potions of agility
Comestibles
 c - 14 bread rations
 v - 2 meat rations
 N - 11 slices of pizza


   Skills:
 + Level 11.2 Fighting
 * Level 10.1(12.5) Axes
 - Level 12.2(13.5) Maces & Flails
 - Level 10.0 Armour
 + Level 3.1 Dodging
 - Level 4.1 Shields
 + Level 13.2 Invocations


You had 13 spell levels left.
You didn't know any spells.

Dungeon Overview and Level Annotations

Branches:
Dungeon (11/15)            Temple (0/1) D:7            Lair (8/8) D:10
  Swamp (0/4) Lair:4       Spider (0/4) Lair:6          Orc (4/4) D:11
    Elf (0/3) Orc:4
  Slime: Lair:6-8

Altars:
Dithmenos
Fedhas
Kikubaaqudgha
Makhleb
Nemelex Xobeh
Okawaru
Qazlal
Ru
Sif Muna
Trog
Yredelemnul
Beogh

Shops:
Orc:4 =[

Annotations:
D:6 Ladykiller69's ghost, novice FoFi
Lair:7 exclusion: ice statue
Abyss:1 Fannar; Harold; Joseph; Josephine; Psyche; Saint Roka


Innate Abilities, Weirdness & Mutations

You have claws for feet.
You are completely covered in slimy green scales (AC +4, rPois).
Your flesh is cold resistant.
A demonic guardian rushes to your aid.
You are partially covered in sharp spines.


Message History

You claw the orc knight, but do no damage.
The orc knight is almost dead.
The orc knight is struck by your spines.
The orc knight hits you with a great sword!
* * * LOW HITPOINT WARNING * * *
You take 14 damage, and have 14/113 hp.
You slash the orc knight!
You kill the orc knight!
Lugonu accepts your kill.
You hit the rust devil but do no damage.
The rust devil is struck by your spines.
The rust devil hits you. The rust devil corrodes you!
The orc warrior hits you from afar with a glaive!
* * * LOW HITPOINT WARNING * * *
You take 13 damage, and have 1/113 hp.
You slash the rust devil!
You claw the rust devil, but do no damage.
The rust devil is heavily wounded.
The rust devil hits you.
You die...

#.....#.....#..........###.
#.###†########........###..
#.#.).).# #......####...
#.'.._..# ....######)...
#.#.....# #####.#....).
#.###'###### ##.........
#...#......# ##..........
###'######3# #..#..).....
#.).# #@# ##.........#
#)..# #4# ##......... #≈≈≈#


oo3 #.....#..# #≈≈≈# ....$ #.....#### #≈§≈# #$...$# ##.....# #≈≈≈# ##.$$##
##...## ≈≈≈## #...# ##### ≈≈## ##$## You could see a soul eater, a rust devil,
an orc sorcerer, an orc warrior (frenzied) and a friendly sun demon.

Vanquished Creatures
  A mottled draconian (Volcano)
  A minotaur (Lab)
  An ice dragon (Lair:7)
  A hydra (Lair:7)
  2 death yaks (Lair:8)
  3 orc high priests (Orc:4)
  An orc knight (Orc:4)
  Pikel (D:8)
  A hill giant (D:11)
  3 orc sorcerers (Orc:4)
  A griffon (Lair:7)
  A wizard (Lair:8)
  3 black mambas
  2 cyclopes
  A sixfirhy (Lair:8)
  6 elephants
  10 spiny frogs
  6 komodo dragons
  5 fire drakes
  2 trolls
  A polar bear (Lair:7)
  A giant leech (Lair:4)
  A two-headed ogre (Volcano)
  A boulder beetle (Lair:5)
  3 deep elf magi (D:10)
  6 wraiths
  A human (D:9)
  A basilisk (Lair:6)
  15 blink frogs
  32 yaks
  The ghost of Goblin1989 the Cudgeler, an amateur DsFi of Gozag (D:4)
  10 hippogriffs
  3 deep elf fighters (Volcano)
  A hungry ghost (D:10)
  2 wargs
  6 vampire mosquitoes (Lair:4)
  15 water moccasins
  35 orc warriors
  10 porcupines
  3 sky beasts
  2 hell hounds (Lair:8)
  5 black bears
  A necrophage (D:8)
  4 phantoms
  7 ice beasts (Lair:7)
  8 ogres
  11 crocodiles
  8 centaurs
  21 giant frogs
  4 big kobolds
  23 killer bees (D:9)
  An electric eel (Lair:2)
  2 giant frog zombies
  2 vampire bats (D:7)
  5 crimson imps
  A giant frog skeleton (D:11)
  37 orc priests
  2 jellies
  6 hounds
  39 orc wizards
  5 iguanas
  9 sheep
  5 worker ants
  The ghost of pedritolo the Charlatan, a weakling SpAr (D:8)
  A hound skeleton (D:4)
  5 gnolls
  42 river rats
  11 adders
  A shadow imp (D:11)
  2 white imps (Lair:7)
  An ooze (D:5)
  An adder skeleton (D:5)
  2 worms (D:4)
  229 orcs
  3 bat skeletons (D:7)
  2 bat zombies (D:7)
  2 gnoll zombies (D:2)
  3 hobgoblins
  13 jackals
  3 quokkas
  3 ball pythons (Sewer)
  7 bats
  7 giant cockroaches
  4 giant geckos
  A giant gecko skeleton (D:7)
  A giant gecko zombie (D:6)
  10 giant newts
  9 goblins
  A jackal zombie (D:5)
  25 kobolds
  A quokka skeleton (D:7)
  A quokka zombie (D:5)
  27 rats
  4 plants
831 creatures vanquished.

Vanquished Creatures (collateral kills)
  A hydra (Lair:8)
  2 death yaks (Lair:8)
  An orc high priest (Orc:4)
  A griffon (Lair:8)
  A fire drake (Lair:2)
  2 spiny frogs (Lair:8)
  A blue devil (Lair:8)
  2 blink frogs (Lair:4)
  A yak (Lair:8)
  2 water moccasins
  An orc warrior (Orc:4)
  An ogre (D:11)
  A scorpion (D:5)
  A centaur zombie (D:11)
  3 orc priests (Orc:4)
  A giant frog skeleton (D:5)
  An orc wizard (Orc:4)
  A river rat (Lair:7)
  A giant gecko (D:8)
  2 orcs (Orc:4)
  A plant (Lair:8)
28 creatures vanquished.

Vanquished Creatures (others)
  A dire elephant (Lair:8)
  A hill giant (D:10)
  An orb spider (Lair:6)
  A centaur (D:8)
  A killer bee (D:9)
  An orc (D:8)
  4 fungi
  A plant (Lair:7)
11 creatures vanquished.

Grand Total: 870 creatures vanquished

Notes
Turn   | Place    | Note
--------------------------------------------------------------
     0 | Abyss:1  | Goblin1989 the Demonspawn Abyssal Knight began the quest for the Orb.
     0 | Abyss:1  | Reached XP level 1. HP: 18/18 MP: 2/2
    57 | Abyss:1  | Noticed a bone dragon
    61 | Abyss:1  | Noticed a tentacled starspawn
    62 | D:1      | Escaped the Abyss
    90 | D:1      | Reached * piety under Lugonu
   394 | D:1      | Gained mutation: You are partially covered in sharp spines. [demonic ancestry]
   394 | D:1      | Reached XP level 2. HP: 22/24 MP: 3/3
   806 | D:2      | Gained mutation: You are partially covered in slimy green scales (AC +2). [demonic ancestry]
   806 | D:2      | Reached XP level 3. HP: 27/29 MP: 4/4
   896 | D:2      | Reached XP level 4. HP: 22/35 MP: 5/5
   915 | D:2      | Reached skill level 4 in Maces & Flails
   940 | D:2      | Reached ** piety under Lugonu
  1062 | D:2      | Found a sacrificial altar of Ru.
  1198 | D:2      | Found a basalt altar of Yredelemnul.
  1273 | D:2      | Found a stormy altar of Qazlal.
  1288 | D:2      | Found a blossoming altar of Fedhas.
  1754 | D:3      | Gained mutation: A weak demonic guardian rushes to your aid. [demonic ancestry]
  1754 | D:3      | Reached XP level 5. HP: 39/41 MP: 6/6
  1757 | D:3      | Found a shadowy altar of Dithmenos.
  1833 | D:3      | You fall through a shaft!
  1833 | D:4      | Noticed a phantom
  1836 | D:4      | Reached skill level 5 in Maces & Flails
  1847 | D:4      | Killed a phantom
  1930 | D:4      | Gained mutation: You are mostly covered in slimy green scales (AC +3). [demonic ancestry]
  1930 | D:4      | Reached XP level 6. HP: 44/47 MP: 7/7
  1962 | D:4      | Reached skill level 6 in Maces & Flails
  1993 | D:4      | Reached *** piety under Lugonu
  2000 | D:4      | Found a glowing drain.
  2012 | Sewer    | Entered a sewer
  2115 | Sewer    | Reached skill level 7 in Maces & Flails
  2115 | Sewer    | Reached XP level 7. HP: 46/52 MP: 8/8
  2180 | Sewer    | Reached **** piety under Lugonu
  2865 | D:4      | Noticed Goblin1989's ghost (amateur DsFi)
  2886 | D:4      | Killed Goblin1989's ghost
  3641 | D:5      | Entered Level 5 of the Dungeon
  3644 | D:5      | Reached skill level 8 in Maces & Flails
  3769 | D:5      | Reached ***** piety under Lugonu
  3813 | D:5      | Found a sparkling altar of Nemelex Xobeh.
  3820 | D:5      | Found an iron altar of Okawaru.
  3845 | D:5      | Reached XP level 8. HP: 52/58 MP: 10/10
  3936 | D:5      | Reached skill level 9 in Maces & Flails
  4205 | D:6      | Noticed Ladykiller69's ghost (novice FoFi)
  4305 | D:7      | Found an ancient bone altar of Kikubaaqudgha.
  4465 | D:7      | Reached skill level 5 in Invocations
  4664 | D:7      | Reached skill level 10 in Maces & Flails
  4877 | D:7      | Found a deep blue altar of Sif Muna.
  5154 | D:7      | Found a staircase to the Ecumenical Temple.
  5202 | D:8      | Noticed Joseph
  5203 | D:8      | Banished Joseph
  5206 | D:8      | Gained mutation: You are completely covered in slimy green scales (AC +4, rPois). [demonic ancestry]
  5206 | D:8      | Reached XP level 9. HP: 58/63 MP: 8/13
  5272 | D:8      | Noticed pedritolo's ghost (weakling SpAr)
  5276 | D:8      | Killed pedritolo's ghost
  5319 | D:8      | Noticed Pikel
  5351 | D:8      | Killed Pikel
  5680 | D:8      | Reached skill level 11 in Maces & Flails
  5751 | D:8      | Noticed Psyche
  5752 | D:8      | Banished Psyche
  6052 | D:9      | Found a deep blue altar of Sif Muna.
  6233 | D:9      | Gained mutation: You have sharp toenails. [demonic ancestry]
  6233 | D:9      | Reached XP level 10. HP: 33/71 MP: 16/16
  7331 | D:9      | Reached skill level 12 in Maces & Flails
  7528 | D:10     | Entered Level 10 of the Dungeon
  7648 | D:10     | Reached skill level 5 in Fighting
  7864 | D:10     | Noticed a hill giant
  7867 | D:10     | Banished a hill giant
  7995 | D:10     | Noticed a cyclops
  8015 | D:10     | Killed a cyclops
  8038 | D:10     | Found a staircase to the Lair.
  8046 | D:10     | Reached skill level 5 in Armour
  8241 | Lair:1   | Entered Level 1 of the Lair of Beasts
  8254 | Lair:1   | Gained mutation: You have razor-sharp toenails. [demonic ancestry]
  8254 | Lair:1   | Reached XP level 11. HP: 77/81 MP: 18/18
  8277 | Lair:1   | Reached skill level 10 in Invocations
  8345 | Lair:1   | Noticed a black mamba
  8351 | Lair:1   | Killed a black mamba
  9139 | Lair:2   | Reached ****** piety under Lugonu
 10230 | Lair:3   | Found a bloodstained altar of Trog.
 10255 | Lair:3   | Identified the Reference Book on Conjuration and Poisoning
 10587 | Lair:3   | Reached skill level 1 in Axes
 10772 | Lair:4   | Noticed Harold
 10773 | Lair:4   | Banished Harold
 10773 | Lair:4   | Gained mutation: Your flesh is cold resistant. [demonic ancestry]
 10773 | Lair:4   | Reached XP level 12. HP: 94/94 MP: 20/20
 11169 | Lair:4   | Found a staircase to the Swamp.
 11610 | Lair:5   | Found a labyrinth entrance.
 11617 | Lair:5   | Noticed Josephine
 11618 | Lair:5   | Banished Josephine
 11622 | Lab      | Entered a labyrinth
 11950 | Lab      | Noticed a minotaur
 11952 | Lab      | Killed a minotaur
 11952 | Lab      | Reached skill level 5 in Axes
 11956 | Lab      | Got a dazzling scimitar {elec}
 11959 | Lab      | Identified the +5 scimitar of the Thing {elec, Str+3} (You took it off a minotaur in a labyrinth)
 11974 | Lab      | Got a smelly chain mail
 12000 | Lab      | Identified the cursed +0 chain mail of Salvation {rC+ MR+} (You found it in a labyrinth)
 12003 | Lab      | Got a coiled marble ring
 12007 | Lab      | Identified the ring of Cehaitta {SustAt Str+4 Dex+4} (You found it in a labyrinth)
 12011 | Lab      | Identified a +9 rod of the swarm (13/13) (You found it in a labyrinth)
 12346 | Lair:5   | Identified a +2 whip of distortion (a +0 whip of electrocution corrupted by Lugonu)
 12346 | Lair:5   | Received a gift from Lugonu
 13114 | Lair:6   | Reached skill level 1 in Shields
 13298 | Lair:6   | Found a hole to the Spider Nest.
 14006 | Lair:7   | Noticed an ice dragon
 14028 | Lair:7   | Killed an ice dragon
 14028 | Lair:7   | Gained mutation: A demonic guardian rushes to your aid. [demonic ancestry]
 14028 | Lair:7   | Reached XP level 13. HP: 27/102 MP: 22/22
 14393 | Lair:7   | Noticed a seven-headed hydra
 14403 | Lair:7   | Killed an 11-headed hydra
 14872 | Lair:7   | Reached skill level 10 in Fighting
 14885 | Lair:8   | Entered Level 8 of the Lair of Beasts
 15435 | Lair:8   | Noticed a dire elephant
 15441 | Lair:8   | Banished a dire elephant
 15497 | Lair:8   | Found a burning altar of Makhleb.
 15575 | Lair:8   | HP: 1/104 [death yak (12)]
 16230 | D:11     | Found a staircase to the Orcish Mines.
 16591 | Orc:1    | Entered Level 1 of the Orcish Mines
 16769 | Orc:1    | Noticed Fannar
 16771 | Orc:1    | Banished Fannar
 17167 | Orc:2    | Found a dark tunnel.
 17176 | Volcano  | Entered a volcano
 17283 | Volcano  | Noticed a mottled draconian
 17295 | Volcano  | Killed a mottled draconian
 17295 | Volcano  | Reached skill level 10 in Armour
 17881 | Orc:3    | Reached skill level 1 in Dodging
 18571 | Orc:4    | Entered Level 4 of the Orcish Mines
 18580 | Orc:4    | Gained mutation: You have claws for feet. [demonic ancestry]
 18580 | Orc:4    | Reached XP level 14. HP: 89/111 MP: 23/23
 19294 | Orc:4    | Noticed Saint Roka
 19299 | Orc:4    | Banished Saint Roka
 19728 | Orc:4    | Found a staircase to the Elven Halls.
 19782 | Orc:4    | Reached skill level 13 in Invocations
 19855 | Orc:4    | Found a roughly hewn altar of Beogh.
 19898 | Orc:4    | Found Zifeuta's Jewellery Emporium.
 19990 | Orc:4    | Found Ucseente's Armour Shop.
 20034 | Orc:4    | Reached skill level 10 in Axes
 20176 | Orc:4    | Found a roughly hewn altar of Beogh.
 20226 | Orc:4    | HP: 1/113 [orc warrior/glaive (13)]
 20227 | Orc:4    | Slain by a rust devil

Action                   |  1- 3 |  4- 6 |  7- 9 | 10-12 | 13-15 || total
-------------------------+-------+-------+-------+-------+-------++-------
Melee: Mace              |    75 |   108 |   220 |       |       ||   403
       Whip              |       |       |   119 |   671 |    10 ||   800
       Broad axe         |       |       |       |   219 |   712 ||   931
Invok: Depart the Abyss  |     1 |       |       |       |       ||     1
       Banish            |       |       |     3 |     6 |     9 ||    18
       Brand Weapon With |       |       |       |     1 |       ||     1
Evoke: Wand              |       |       |       |       |     6 ||     6
  Use: Potion            |     1 |       |     4 |     7 |     2 ||    14
       Scroll            |       |     6 |     6 |    15 |     5 ||    32
 Stab: Invisible         |     2 |       |       |       |       ||     2
       Distracted        |       |       |     2 |     5 |     1 ||     8
  Eat: Chunk             |       |     4 |     9 |    20 |    10 ||    43
       Fruit             |       |       |     6 |       |       ||     6
       Royal jelly       |       |       |       |     2 |       ||     2
       Beef jerky        |       |       |       |     2 |       ||     2
       Meat ration       |       |       |       |     2 |     2 ||     4
